 Dungeon Crawl Stone Soup version 0.26.1-11-gd32895ea62 (webtiles) character file.

Game seed: 15740846876039677866

29283 Almogavar the Protected (level 13, -6/127 (133) HPs)
             Began as a Gnoll Wanderer on Apr 29, 2021.
             Was a High Priest of Okawaru.
             Mangled by KapersCrawl's ghost (7 damage)
             ... on level 1 of the Lair of Beasts.
             The game lasted 01:27:45 (26828 turns).

Almogavar the Protected (Gnoll Wanderer)           Turns: 26828, Time: 01:27:46

HP:   -6/127 (133)  AC: 29    Str: 17    XL:     13   Next: 44%
MP:   0/25          EV:  9    Int: 16    God:    Okawaru [*****.]
Gold: 1201          SH:  0    Dex: 16    Spells: 26/28 levels left

rFire    . . .     SeeInvis .   Q - +1 war axe (venom)
rCold    . . .     Faith    .   (no shield)
rNeg     . . .     Spirit   +   t - +0 crystal plate armour
rPois    .         Reflect  .   h - +0 helmet
rElec    .         Harm     .   (no cloak)
rCorr    +         Rampage  .   I - +0 pair of gloves
Will     .....                  o - +0 pair of boots
Stlth    ..........             f - amulet of guardian spirit
HPRegen  0.31/turn              T - ring of resist corrosion
MPRegen  0.19/turn              a - ring of stealth

@: berserking, heroism, lightly drained, very quick
A: distributed training, fangs 1, blurry vision 2, frail 1, strong nose
a: Renounce Religion, Heroism, Finesse


You were on level 1 of the Lair of Beasts.
You worshipped Okawaru.
Okawaru was extremely pleased with you.
You visited 4 branches of the dungeon, and saw 16 of its levels.
You also visited: Bailey.

You collected 1645 gold pieces.
You spent 444 gold pieces at shops.

Inventory:

Hand Weapons
 y - the +3 mace of Ubofos {distort, +Rage Will+}
   (You found it on level 4 of the Dungeon)

   It warps and distorts space around it.
   Unwielding it can cause banishment or high damage.
   It affects your willpower, your defense against some magical effects.
   It lets you go berserk.
 Q - a +1 war axe of venom (weapon)
 V - a +2 shortbow of freezing
 W - the +1 arbalest of Honour {penet, *Drain Str+3 Int+2}
   (You bought it in a shop on level 2 of the Orcish Mines)

   Ammo fired by it passes through the targets it hits, potentially hitting all
   targets in its path until it reaches maximum range.
   It affects your strength (+3).
   It affects your intelligence (+2).
   It causes draining when unequipped.
 X - the +6 morningstar of Responsibility {drain, *Noise +Inv Int+9 Dex+4}
   (You bought it in a shop on level 2 of the Orcish Mines)

   A truly terrible weapon, it drains the life of those it strikes.
   It affects your intelligence (+9).
   It affects your dexterity (+4).
   It lets you turn invisible.
   It may make noises in combat.
Missiles
 b - 3 silver boomerangs
 i - 11 javelins
 n - 25 poisoned darts
 r - 137 bolts
 B - 8 throwing nets
 E - 59 boomerangs (quivered)
 F - 5 datura-tipped darts
 S - 280 arrows
Armour
 g - a +1 chain mail of poison resistance
 h - a +0 helmet (worn)
 o - a +0 pair of boots (worn)
 t - a +0 crystal plate armour (worn)
 I - a +0 pair of gloves (worn)
Jewellery
 a - a ring of stealth (right hand)
 f - an amulet of guardian spirit (around neck)
 p - an uncursed ring of flight
 T - a ring of resist corrosion (left hand)
Wands
 s - a wand of acid (22)
 C - a wand of flame (36)
 R - a wand of iceblast (16)
Scrolls
 j - 2 scrolls of magic mapping
 k - 4 scrolls of fear
 l - 3 scrolls of fog
 m - a scroll of enchant armour
 z - a scroll of enchant weapon {unknown}
 A - 2 scrolls of remove curse
 D - a scroll of noise {unknown}
 J - a scroll of acquirement {unknown}
Potions
 e - 4 potions of haste
 v - a potion of flight
 G - 4 potions of might
 L - 3 potions of invisibility {unknown}
 M - 2 potions of mutation {unknown}
 O - 4 potions of degeneration {unknown}
Miscellaneous
 N - a condenser vane
 P - a condenser vane


   Skills:
 + Level 8.7(13.7) Fighting
 + Level 8.3(13.3) Short Blades
 + Level 8.3(13.3) Long Blades
 + Level 8.3(13.3) Axes
 + Level 9.5(14.5) Maces & Flails
 + Level 8.3(13.3) Polearms
 + Level 8.3(13.3) Staves
 + Level 8.3(13.3) Slings
 + Level 8.3(13.3) Bows
 + Level 8.7(13.7) Crossbows
 + Level 8.7(13.7) Throwing
 + Level 11.6(16.6) Armour
 + Level 8.3(13.3) Dodging
 + Level 8.7(13.7) Stealth
 + Level 8.3(13.3) Shields
 + Level 8.3(13.3) Unarmed Combat
 + Level 8.3 Spellcasting
 + Level 6.9 Conjurations
 + Level 6.9 Hexes
 + Level 6.9 Summonings
 + Level 6.9 Necromancy
 + Level 6.9 Translocations
 + Level 6.9 Transmutations
 + Level 6.9 Fire Magic
 + Level 6.9 Ice Magic
 + Level 6.9 Air Magic
 + Level 6.9 Earth Magic
 + Level 6.9 Poison Magic
 + Level 9.1 Invocations
 + Level 8.3 Evocations


You had 26 spell levels left.
You knew the following spells:

 Your Spells              Type           Power        Failure   Level
a - Blink                 Tloc           N/A          56%         2

Your spell library contained the following spells:

 Spells                   Type           Power        Failure   Level
 Foxfire                  Conj/Fire      100%         43%         1
 Magic Dart               Conj           100%         43%         1
 Call Imp                 Summ           28%          56%         2
 Slow                     Hex            28%          56%         2
 Conjure Flame            Conj/Fire      28%          80%         3
 Inner Flame              Hex/Fire       28%          80%         3
 Mephitic Cloud           Conj/Pois/Air  28%          80%         3
 Sticky Flame             Conj/Fire      28%          99%         4
 Fireball                 Conj/Fire      14%          100%        5


Dungeon Overview and Level Annotations

Branches:
Dungeon (12/15)            Temple (1/1) D:7            Lair (1/6) D:11
    Orc (2/2) D:12            Elf (0/3) Orc:2        Bailey (visited)

Altars:
Ashenzari
Cheibriados
Dithmenos
Elyvilon
Fedhas
Gozag
Hepliaklqana
Kikubaaqudgha
Makhleb
Nemelex Xobeh
Okawaru
Qazlal
Ru
Sif Muna
Trog
Uskayaw
Vehumet
Wu Jian
Xom
Yredelemnul
Zin
The Shining One
Beogh

Shops:
D:6 (   D:11 (   D:12 [   Orc:2 (*([

Annotations:
Lair:1 KapersCrawl's ghost, journeyman TrTm
Abyss:1 Prince Ribbit


Innate Abilities, Weirdness & Mutations

Your experience applies equally to all skills.
You have very sharp teeth.
Your uncanny sense of smell can sniff out nearby items.
Scrolls take you longer to read.
You are frail. (-10% HP)


Message History

Okay, then.
You feel better. KapersCrawl's ghost barely misses you.
You hit KapersCrawl's ghost but do no damage.
You punch KapersCrawl's ghost.
KapersCrawl's ghost is severely damaged.
KapersCrawl's ghost hits you but does no damage.
You hit KapersCrawl's ghost.
KapersCrawl's ghost is severely damaged.
KapersCrawl's ghost hits you!
* * * LOW HITPOINT WARNING * * *
A red film seems to cover your vision as you go berserk!
You feel yourself moving faster!
You feel mighty! KapersCrawl's ghost hits you.
* * * LOW HITPOINT WARNING * * *
You hit KapersCrawl's ghost but do no damage.
KapersCrawl's ghost is severely damaged.
You slash KapersCrawl's ghost!
You bite KapersCrawl's ghost, but do no damage.
KapersCrawl's ghost is severely damaged.
KapersCrawl's ghost hits you!
You die...

#....# #......##.#.#P.#..###
#....####.####.........#.....
#.........# #.#.......#.....
#.........# #.#.............
##.........# #.........#.....
#..........# #.#............>
##.).......# #.####.#.#......
#.........####...............
#...........@W.>...#######...
#....##########....# #....
#.....# ##....# ##... #....##
#...^.# #... #....## ##....#
##... #.....# #....# #....
#....## #....# ###... #....#
#....#####.#... #....##
##..............


You could see KapersCrawl's ghost.

Vanquished Creatures
  An orc warlord (Orc:2)
  A stone giant (Orc:2)
  The ghost of Zusoliwk the Archer, a journeyman CeHu of Okawaru (Lair:1)
  A boulder beetle (Lair:1)
  A two-headed ogre (D:11)
  An orc high priest (Orc:2)
  An unseen horror (D:11)
  2 orc knights
  7 orc sorcerers
  A cane toad (D:11)
  5 trolls
  A shadow (D:12)
  A wraith (D:12)
  15 yaks
  3 wyverns
  Eustachio (D:5)
  Grum (D:11)
  A basilisk (Lair:1)
  3 vampire mosquitoes (D:12)
  Menkaure (D:6)
  6 wargs
  Edmund (D:5)
  2 water moccasins (Lair:1)
  32 orc warriors
  5 sky beasts
  3 phantoms
  A necrophage (D:7)
  3 black bears
  10 ogres
  2 wolves (D:11)
  15 centaurs
  2 big kobolds (D:11)
  6 gnoll sergeants (Bailey)
  9 bullfrogs
  A wyvern zombie (D:12)
  3 scorpions
  A wyvern skeleton (D:12)
  9 killer bees (D:10)
  7 electric eels (D:9)
  3 howler monkeys
  4 bullfrog zombies
  A centaur zombie (D:9)
  2 quasits
  3 centaur skeletons
  12 orc priests
  6 hounds
  4 jellies
  25 orc wizards
  6 gnoll shamans (Bailey)
  2 bullfrog skeletons
  14 worker ants
  3 iguanas
  2 hound zombies
  2 hound skeletons
  A worker ant zombie (D:11)
  20 gnolls
  8 adders
  2 shadow imps (D:5)
  2 white imps
  3 ufetubi
  A worm (D:3)
  2 adder skeletons
  3 dart slugs (D:1)
  4 leopard geckos
  95 orcs
  4 bat skeletons (D:3)
  2 bat zombies (D:3)
  9 giant cockroaches
  8 goblins
  3 hobgoblins
  16 jackals
  7 quokkas
  5 bats
  3 frilled lizards (D:1)
  2 jackal skeletons
  12 kobolds
  A quokka zombie (D:6)
  6 rats
475 creatures vanquished.

Vanquished Creatures (others)
  2 goblins (D:9)
  A fungus (Lair:1)
  23 plants
  6 withered plants (Lair:1)
32 creatures vanquished.

Grand Total: 507 creatures vanquished

Notes
Turn   | Place    | Note
-------+----------+-------------------------------------------
     0 | D:1      | Almogavar the Gnoll Wanderer began the quest for the Orb.
     0 | D:1      | Almogavar set off with the following items: a +0 mace, a +2
                  | scale mail, a potion of curing
     0 | D:1      | Reached XP level 1. HP: 17/17 MP: 1/1
   236 | D:1      | Reached XP level 2. HP: 14/23 MP: 2/2
   635 | D:1      | Reached XP level 3. HP: 27/28 MP: 3/3
  1317 | D:2      | Reached skill level 1 in Invocations
  2468 | D:3      | Reached skill level 1 in Short Blades
  2468 | D:3      | Reached skill level 1 in Long Blades
  2468 | D:3      | Reached skill level 1 in Axes
  2468 | D:3      | Reached skill level 1 in Polearms
  2468 | D:3      | Reached skill level 1 in Staves
  2468 | D:3      | Reached skill level 1 in Slings
  2468 | D:3      | Reached skill level 1 in Bows
  2468 | D:3      | Reached skill level 1 in Dodging
  2468 | D:3      | Reached skill level 1 in Shields
  2468 | D:3      | Reached skill level 1 in Unarmed Combat
  2468 | D:3      | Reached skill level 1 in Spellcasting
  2468 | D:3      | Reached skill level 1 in Evocations
  2611 | D:3      | Reached XP level 4. HP: 29/34 MP: 3/5
  2958 | D:3      | Found a glowing golden altar of the Shining One.
  3038 | D:3      | Found an ancient bone altar of Kikubaaqudgha.
  3041 | D:3      | Reached skill level 1 in Conjurations
  3041 | D:3      | Reached skill level 1 in Hexes
  3041 | D:3      | Reached skill level 1 in Summonings
  3041 | D:3      | Reached skill level 1 in Necromancy
  3041 | D:3      | Reached skill level 1 in Translocations
  3041 | D:3      | Reached skill level 1 in Transmutations
  3041 | D:3      | Reached skill level 1 in Fire Magic
  3041 | D:3      | Reached skill level 1 in Ice Magic
  3041 | D:3      | Reached skill level 1 in Air Magic
  3041 | D:3      | Reached skill level 1 in Earth Magic
  3041 | D:3      | Reached skill level 1 in Poison Magic
  3270 | D:4      | Found a blossoming altar of Fedhas.
  3271 | D:4      | Noticed a centaur
  3336 | D:4      | Noticed a phantom
  3368 | D:3      | Reached XP level 5. HP: 8/40 MP: 2/6
  3692 | D:4      | Killed a phantom
  3913 | D:3      | Reached XP level 6. HP: 39/47 MP: 6/8
  4036 | D:4      | Found a shimmering blue altar of Sif Muna.
  4105 | D:4      | Reached skill level 5 in Maces & Flails
  4709 | D:4      | Found a shimmering altar of Xom.
  4715 | D:4      | Got a faintly glowing mace
  4716 | D:4      | Identified the +3 mace of Ubofos {distort, +Rage Will+}
                  | (You found it on level 4 of the Dungeon)
  4951 | D:5      | Entered Level 5 of the Dungeon
  4983 | D:5      | Noticed a phantom
  4993 | D:5      | Killed a phantom
  4994 | D:5      | Reached XP level 7. HP: 47/52 MP: 8/10
  5010 | D:5      | Noticed Eustachio
  5037 | D:5      | Killed Eustachio
  5043 | D:5      | Reached skill level 9 in Armour
  5140 | D:5      | Noticed Edmund
  5148 | D:5      | Killed Edmund
  5149 | D:5      | Reached XP level 8. HP: 53/60 MP: 9/12
  5785 | D:6      | Noticed Prince Ribbit
  5814 | D:5      | Banished Prince Ribbit
  6024 | D:6      | Found a bloodstained altar of Trog.
  6175 | D:6      | Reached XP level 9. HP: 66/66 MP: 14/14
  6223 | D:6      | Found a snail-covered altar of Cheibriados.
  6321 | D:6      | Found Uqiturapups's Weapon Shoppe.
  6706 | D:6      | Found a hazy altar of Hepliaklqana.
  6843 | D:6      | Noticed Menkaure
  6861 | D:6      | Killed Menkaure
  7145 | D:7      | Reached skill level 5 in Fighting
  7145 | D:7      | Reached skill level 5 in Crossbows
  7145 | D:7      | Reached skill level 5 in Throwing
  7469 | D:7      | Found a staircase to the Ecumenical Temple.
  7485 | Temple   | Entered the Ecumenical Temple
  7720 | Temple   | Became a worshipper of Warmaster Okawaru
  7915 | D:7      | Reached skill level 5 in Stealth
  8206 | D:7      | Reached skill level 5 in Invocations
  8215 | D:7      | Found a sacrificial altar of Ru.
  8964 | D:8      | Reached * piety under Okawaru
  9130 | D:8      | Found a white marble altar of Elyvilon.
  9272 | D:8      | Reached XP level 10. HP: 74/74 MP: 17/17
  9544 | D:9      | Found a flagged portal.
  9558 | Bailey   | Entered a bailey
  9994 | Bailey   | Reached skill level 5 in Short Blades
  9994 | Bailey   | Reached skill level 5 in Long Blades
  9994 | Bailey   | Reached skill level 5 in Axes
  9994 | Bailey   | Reached skill level 5 in Polearms
  9994 | Bailey   | Reached skill level 5 in Staves
  9994 | Bailey   | Reached skill level 5 in Slings
  9994 | Bailey   | Reached skill level 5 in Bows
  9994 | Bailey   | Reached skill level 5 in Dodging
  9994 | Bailey   | Reached skill level 5 in Shields
  9994 | Bailey   | Reached skill level 5 in Unarmed Combat
  9994 | Bailey   | Reached skill level 5 in Spellcasting
  9994 | Bailey   | Reached skill level 5 in Evocations
 10439 | Bailey   | HP: 3/76 [gnoll sergeant/+0 halberd (10)]
 10468 | Bailey   | Reached skill level 10 in Armour
 10966 | D:9      | Noticed a two-headed ogre
 10976 | D:9      | Banished a two-headed ogre
 11117 | D:9      | Learned a level 2 spell: Blink
 12468 | D:9      | Reached ** piety under Okawaru
 12995 | D:10     | Entered Level 10 of the Dungeon
 12995 | D:10     | Found a shadowy altar of Dithmenos.
 13513 | D:10     | Reached XP level 11. HP: 58/83 MP: 14/19
 14380 | D:11     | Noticed Grum
 14400 | D:11     | Killed Grum
 14401 | D:11     | Reached skill level 5 in Conjurations
 14401 | D:11     | Reached skill level 5 in Hexes
 14401 | D:11     | Reached skill level 5 in Summonings
 14401 | D:11     | Reached skill level 5 in Necromancy
 14401 | D:11     | Reached skill level 5 in Translocations
 14401 | D:11     | Reached skill level 5 in Transmutations
 14401 | D:11     | Reached skill level 5 in Fire Magic
 14401 | D:11     | Reached skill level 5 in Ice Magic
 14401 | D:11     | Reached skill level 5 in Air Magic
 14401 | D:11     | Reached skill level 5 in Earth Magic
 14401 | D:11     | Reached skill level 5 in Poison Magic
 14829 | D:11     | Killed an unseen horror
 15005 | D:11     | Noticed a two-headed ogre
 15017 | D:11     | Killed a two-headed ogre
 15017 | D:11     | Reached *** piety under Okawaru
 15320 | D:11     | Found a staircase to the Lair.
 15701 | D:11     | Found Wecuci's Weapon Emporium.
 16581 | D:12     | Received a gift from Okawaru
 16785 | D:12     | Noticed a two-headed ogre
 16790 | D:12     | Banished a two-headed ogre
 16940 | D:12     | Received a gift from Okawaru
 16944 | D:12     | Reached **** piety under Okawaru
 16990 | D:12     | Reached XP level 12. HP: 58/91 MP: 16/22
 17098 | D:12     | Found a staircase to the Orcish Mines.
 17342 | D:12     | Received a gift from Okawaru
 17469 | D:12     | Gained mutation: You are frail. (-10% HP) [mutagenic glow]
 17496 | D:12     | Gained mutation: Scrolls take you a little longer to read.
                  | [mutagenic glow]
 17587 | D:12     | Found Vuhamiodgh's Armour Shop.
 17657 | Orc:1    | Entered Level 1 of the Orcish Mines
 18061 | D:12     | Reached skill level 11 in Armour
 18343 | D:12     | Received a gift from Okawaru
 18561 | Orc:1    | Paralysed by an orc sorcerer for 4 turns
 20504 | Orc:2    | Entered Level 2 of the Orcish Mines
 21103 | Orc:2    | Noticed a sun demon
 21489 | Orc:2    | Gained mutation: Scrolls take you longer to read. [a
                  | neqoxec]
 21497 | Orc:1    | Received a gift from Okawaru
 21682 | Orc:2    | Found a roughly hewn altar of Beogh.
 21933 | Orc:2    | Received a gift from Okawaru
 22217 | Orc:2    | Noticed a sun demon
 22377 | Orc:2    | Found a staircase to the Elven Halls.
 22462 | Orc:2    | Found a roughly hewn altar of Beogh.
 22470 | Orc:2    | Found Ranecsu's Weapon Emporium.
 22638 | Orc:2    | Noticed a stone giant
 23162 | Orc:2    | Killed a stone giant
 23162 | Orc:2    | Received a gift from Okawaru
 23163 | Orc:2    | Reached XP level 13. HP: 24/89 MP: 8/24
 23539 | Orc:2    | Found a roughly hewn altar of Beogh.
 23564 | Orc:2    | Found Soeram's General Store.
 23673 | Orc:2    | Found a roughly hewn altar of Beogh.
 23844 | Orc:2    | Found a roughly hewn altar of Beogh.
 24071 | Orc:1    | Reached ***** piety under Okawaru
 24493 | Orc:2    | Noticed an orc warlord
 25059 | Orc:2    | Killed an orc warlord
 25059 | Orc:2    | Received a gift from Okawaru
 25327 | Orc:2    | Found Dikeblit's Antique Weapon Shop.
 25327 | Orc:2    | Found a roughly hewn altar of Beogh.
 25332 | Orc:2    | Found Cobai's Antique Armour Boutique.
 25344 | Orc:2    | Bought an ancient arbalest for 228 gold pieces
 25344 | Orc:2    | Bought a crystal morningstar for 216 gold pieces
 25344 | Orc:2    | Identified the cursed +1 arbalest of Honour {penet, *Drain
                  | Str+3 Int+2} (You bought it in a shop on level 2 of the
                  | Orcish Mines)
 25347 | Orc:2    | Identified the +6 morningstar of Responsibility {drain,
                  | *Noise +Inv Int+9 Dex+4} (You bought it in a shop on level
                  | 2 of the Orcish Mines)
 25563 | Lair:1   | Entered Level 1 of the Lair of Beasts
 26600 | Lair:1   | Found a runed translucent gate.
 26601 | Lair:1   | Found a runed translucent gate.
 26601 | Lair:1   | Found a runed translucent gate.
 26601 | Lair:1   | Noticed KapersCrawl's ghost (journeyman TrTm)
 26603 | Lair:1   | Noticed Zusoliwk's ghost (journeyman CeHu)
 26798 | Lair:1   | Killed Zusoliwk's ghost
 26825 | Lair:1   | HP: 2/85 [KapersCrawl's ghost (10)]
 26828 | Lair:1   | Mangled by KapersCrawl's ghost

Illustrated notes

Levels and vault maps discovered:
D:1:      dpeg_arrival_shrine, layout_basic
D:2:      layout_basic, chequers_arboretum
D:3:      layout_rooms, tso_oasis_becter, kennysheep_vampire_church
D:4:      layout_basic, kennysheep_mini, fedhas_bush_and_centaur_altar, tgw_xom
D:5:      layout_basic, hangedman_decor_lopped, uniq_eustachio, uniq_edmund
D:6:      layout_cave_pods, kennysheep_mini_moat, basic_altar, serial_shops,
          shop_fountains, trog_three_pillars_becter, uniq_menkaure,
          uniq_prince_ribbit1
D:7:      layout_layer_cave, general_overflow_altar,
          minmay_temple_entry_sparse_star
D:8:      layout_cave_pods, elyvilon_altar_1, serial_glass, glass_columns_b,
          glass_columns_c
D:9:      layout_cave_pools, enter_bailey_3, serial_bayou, serial_bayou_pond_e,
          serial_bayou_pond_d, serial_bayou_lagoon_b, serial_bayou_pond_e,
          serial_bayou_shore_a
D:10:     layout_cave_pools, grunt_dithmenos_smoke
D:11:     layout_layer_cave, lair_entry_dummy, serial_shops,
          kennysheep_little_box, uniq_grum
D:12:     layout_basic, orc_david_3
Temple:   minmay_temple_curvy_branch
Lair:1:   layout_chaotic_city, gammafunk_ghost_cemetery
Orc:1:    layout_diamond_mine, statue_in_the_mist_lemuel
Orc:2:    grunt_orc_community_town_hall, layout_caves,
          grunt_orc_community_big_house_2, grunt_orc_community_big_house_1,
          grunt_orc_community_house_2, grunt_orc_community_house_1,
          grunt_orc_community_house_2, grunt_orc_community_house_3,
          grunt_orc_community_house_3, special_room

Skill      XL: |  1  2  3  4  5  6  7  8  9 10 11 12 13 |
---------------+----------------------------------------+-----
Invocations    | 1 2 3 4 5 6 7 8 9 |  9.1
Short Blades   | 1 2 3 4 5 6 7 8 |  8.3
Long Blades    | 1 2 3 4 5 6 7 8 |  8.3
Axes           | 1 2 3 4 5 6 7 8 |  8.3
Polearms       | 1 2 3 4 5 6 7 8 |  8.3
Staves         | 1 2 3 4 5 6 7 8 |  8.3
Slings         | 1 2 3 4 5 6 7 8 |  8.3
Bows           | 1 2 3 4 5 6 7 8 |  8.3
Dodging        | 1 2 3 4 5 6 7 8 |  8.3
Shields        | 1 2 3 4 5 6 7 8 |  8.3
Unarmed Combat | 1 2 3 4 5 6 7 8 |  8.3
Spellcasting   | 1 2 3 4 5 6 7 8 |  8.3
Evocations     | 1 2 3 4 5 6 7 8 |  8.3
Conjurations   | 1 2 3 4 5 6 |  6.9
Hexes          | 1 2 3 4 5 6 |  6.9
Summonings     | 1 2 3 4 5 6 |  6.9
Necromancy     | 1 2 3 4 5 6 |  6.9
Translocations | 1 2 3 4 5 6 |  6.9
Transmutations | 1 2 3 4 5 6 |  6.9
Fire Magic     | 1 2 3 4 5 6 |  6.9
Ice Magic      | 1 2 3 4 5 6 |  6.9
Air Magic      | 1 2 3 4 5 6 |  6.9
Earth Magic    | 1 2 3 4 5 6 |  6.9
Poison Magic   | 1 2 3 4 5 6 |  6.9
Fighting       | 3 4 5 6 7 8 |  8.7
Crossbows      | 3 4 5 6 7 8 |  8.7
Throwing       | 3 4 5 6 7 8 |  8.7
Maces & Flails | 5 6 7 8 9 |  9.5
Stealth        | 3 4 5 6 7 8 |  8.7
Armour         | 9 10 11 | 11.6

Action                   |  1- 3 |  4- 6 |  7- 9 | 10-12 | 13-15 || total
-------------------------+-------+-------+-------+-------+-------++-------
Melee: Mace              |   129 |   178 |   233 |   518 |       ||  1058
       Bite              |    15 |    17 |    25 |    92 |    39 ||   188
       Punch             |     1 |     3 |     6 |    40 |    10 ||    60
       War axe           |       |       |       |   279 |   236 ||   515
 Fire: Shortbow          |       |       |       |   191 |   115 ||   306
Throw: Dart              |     4 |       |    29 |    52 |       ||    85
       Boomerang         |       |       |       |   117 |    21 ||   138
       Throwing net      |       |       |       |     1 |       ||     1
Invok: Heroism           |       |       |       |    16 |     5 ||    21
 Abil: Evoke Berserk Rag |       |     1 |       |       |       ||     1
  Use: Scroll            |     3 |     1 |     3 |    18 |     3 ||    28
       Potion            |       |       |     1 |     7 |     2 ||    10
 Stab: Sleeping          |       |       |     7 |     7 |       ||    14
       Distracted        |       |       |     1 |     1 |       ||     2
Armor: Scale mail        |    75 |   165 |   163 |   382 |       ||   785
       Crystal plate arm |       |       |       |   209 |   161 ||   370
Dodge: Dodged            |    71 |   130 |   168 |   667 |    72 ||  1108
